 Dungeon Crawl Stone Soup version 0.32-a0-468-g38b2580584 (webtiles) character file.

Game seed: 261193008289568958

303 CougarLife the Digger (level 6, -1/32 HPs)
             Began as a Gargoyle Earth Elementalist on Feb 25, 2024.
             Slain by an orc
             ... wielding a +2 vampiric trident
              (5 damage)
             ... on level 3 of the Dungeon.
             The game lasted 00:02:42 (2193 turns).

CougarLife the Digger (Gargoyle Earth Elementalist) Turns: 2193, Time: 00:02:42

Health: -1/32      AC:  8    Str: 11    XL:     6   Next: 38%
Magic:  7/11       EV: 11    Int: 18    God:
Gold:   75         SH:  0    Dex: 10    Spells: 11/12 levels left

rFire   . . .        d - +0 dagger
rCold   . . .        (no shield)
rNeg    + . .        a - +0 robe
rPois   ∞            m - +0 helmet
rElec   +            (no cloak)
rCorr   .            (no gloves)
SInv    .            f - +0 pair of boots
Will    .....        (no amulet)
Stlth   ++           (no ring)
HPRegen 0.25/turn    (no ring)
MPRegen 0.12/turn

%: no passive effects
@: no status effects
A: sickness immunity, AC +4, negative energy resistance 1, electricity
resistance, torment resistance 1, petrification resistance
a: no special abilities


You were on level 3 of the Dungeon.
You visited 1 branch of the dungeon, and saw 3 of its levels.

You collected 135 gold pieces.
You spent 60 gold pieces at shops.

Inventory:

Hand Weapons
 d - a +0 dagger (weapon)
Armour
 a - a +0 robe (worn)
 f - a +0 pair of boots (worn)
 m - a +0 helmet (worn)
Wands
 k - a wand of polymorph (8)
Scrolls
 i - 3 scrolls of silence
 o - a scroll of teleportation
Potions
 b - a potion of magic
 c - 2 potions of enlightenment
 e - 3 potions of cancellation
 g - a potion of heal wounds {unknown}
 h - a potion of might
 j - a potion of lignification {unknown}
 l - a potion of attraction {unknown}
 n - a potion of curing {unknown}


   Skills:
 - Level 1.5 Dodging
 - Level 2.1 Stealth
 + Level 3.8 Spellcasting
 + Level 3.9 Conjurations
 + Level 5.5 Earth Magic


You had 11 spell levels left.
You knew the following spells:

 Your Spells              Type           Power      Damage    Failure   Level
a - Sandblast             Erth           46%        2d11      1%          1

Your spell library contained the following spells:

 Spells                   Type           Power      Damage    Failure   Level
 Passwall                 Erth           23%        N/A       4%          3
 Stone Arrow              Conj/Erth      40%        3d9       6%          3
 Brom's Barrelling Bould  Conj/Erth      20%        2d4       22%         4
 Call Canine Familiar     Summ           3%         N/A       41%         3
 Inner Flame              Hex/Fire       3%         N/A       41%         3
 Sigil of Binding         Hex            3%         N/A       41%         3
 Petrify                  Alch/Erth      13%        N/A       43%         4
 Dimensional Bullseye     Hex/Tloc       1%         N/A       83%         4
 Irradiate                Conj/Alch      5%         3d13      88%         5
 Ignition                 Fire           1%         3d3       100%        8


Dungeon Overview and Level Annotations

Branches:
Dungeon (3/15)

Altars:

Shops:
D:3 ?


Innate Abilities, Weirdness & Mutations

You are immune to sickness and miasma.
Your stone body is resilient. (AC +4)
You are immune to poison.
You resist negative energy. (rN+)
You are resistant to electric shocks. (rElec)
You are resistant to unholy torment.
You are immune to petrification.


Message History

The ball python constricts you. The orc attacks as it pursues you!
The orc hits you from afar with a +2 vampiric trident!
* * * LOW HITPOINT WARNING * * *
You escape the ball python's grasp.
The ball python bites you but does no damage.
The ball python barely misses you. The orc closely misses you.
Casting: Sandblast (safe; 1% risk of failure)
Confirm with . or Enter, or press ? or * to list all spells.
Aiming: Sandblast (safe; 1% risk of failure)
Press: ? - help, Shift-Dir - straight line, f/p - orc
Aim: an orc, wielding a +2 vampiric trident and wearing a +0 chain mail (87% to hit)
The blast of sand hits the ball python.
The ball python is severely wounded.
The ball python closely misses you. x2; The orc hits you but does no damage.
The ball python closely misses you. The ball python barely misses you.
Casting: Sandblast (safe; 1% risk of failure)
Confirm with . or Enter, or press ? or * to list all spells.
Aiming: Sandblast (safe; 1% risk of failure)
Press: ? - help, Shift-Dir - straight line, f/p - orc
Aim: an orc, wielding a +2 vampiric trident and wearing a +0 chain mail (87% to hit)
The blast of sand hits the ball python.
You kill the ball python!
The orc hits you from afar with a +2 vampiric trident!
* * * LOW HITPOINT WARNING * * *
The orc closely misses you.
Casting: Sandblast (safe; 1% risk of failure)
Confirm with . or Enter, or press ? or * to list all spells.
Aiming: Sandblast (safe; 1% risk of failure)
Press: ? - help, Shift-Dir - straight line, f/p - orc
Aim: an orc, wielding a +2 vampiric trident and wearing a +0 chain mail (87% to hit)
The blast of sand hits the orc but does no damage.
The orc completely misses you.
Casting: Sandblast (safe; 1% risk of failure)
Confirm with . or Enter, or press ? or * to list all spells.
Aiming: Sandblast (safe; 1% risk of failure)
Press: ? - help, Shift-Dir - straight line, f/p - orc
Aim: an orc, wielding a +2 vampiric trident and wearing a +0 chain mail (87% to hit)
The blast of sand hits the orc but does no damage.
The orc hits you from afar with a +2 vampiric trident.
You die...

#.#####.##..............####
#'#####...>.......#.†......#
.....############.#........#
............# #.#........#
.....######.# #o#...)....+
.....##...#.# #o#........#
#######.#.#.# #o#........#
#.#.#.#####.#........#
#.#.#.#...@.#........######
#######.#.#.#.#########..........
..........#.#.# #.#########
#######.###.#†# #<# #.....#.# #.#
#######.# #.# #.# #.# #.# #.# #.#
#.#


You could see 3 orcs.

Vanquished Creatures
  Sigmund (D:2)
  A bombardier beetle (D:3)
  Robin (D:2)
  An adder (D:2)
  4 dart slugs
  2 ribbon worms (D:2)
  2 orcs (D:3)
  4 ball pythons
  3 bats
  3 endoplasms
  A giant cockroach (D:1)
  11 goblins
  5 hobgoblins
  7 jackals (D:1)
  4 kobolds
  2 quokkas
  2 frilled lizards
  6 rats
60 creatures vanquished.

Notes
Turn   | Place    | Note
-------+----------+-------------------------------------------
     0 | D:1      | CougarLife the Gargoyle Earth Elementalist began the quest
                  | for the Orb.
     0 | D:1      | Reached XP level 1. HP: 10/10 MP: 3/3
    53 | D:1      | Found a faded altar of an unknown god.
   172 | D:1      | Reached XP level 2. HP: 15/15 MP: 3/5
   296 | D:1      | Reached skill level 4 in Earth Magic
   427 | D:1      | Reached XP level 3. HP: 19/19 MP: 2/6
  1260 | D:2      | Noticed Robin
  1263 | D:2      | Reached XP level 4. HP: 24/24 MP: 5/8
  1268 | D:2      | Killed Robin
  1436 | D:2      | Noticed Sigmund
  1443 | D:2      | Killed Sigmund
  1444 | D:2      | Reached skill level 5 in Earth Magic
  1444 | D:2      | Reached XP level 5. HP: 28/28 MP: 4/10
  1444 | D:2      | Reached XP level 6. HP: 32/32 MP: 4/11
  1906 | D:3      | Found Oxeexkoi's Magic Scroll Emporium.
  1922 | D:3      | Bought a scroll of identify for 24 gold pieces
  1922 | D:3      | Bought a scroll of teleportation for 36 gold pieces
  2193 | D:3      | Slain by an orc

Illustrated notes

Levels and vault maps discovered:
D:1:      ncdulo_wetmaze, layout_rooms, dreamdust_ecumenical_altar_grove,
          chequers_mini_garden
D:2:      layout_loops_ring, uniq_sigmund, uniq_robin
D:3:      layout_basic, serial_shops, shop, minmay_misc_feat_pillars

Skill      XL: |  1  2  3  4 |
---------------+-------------+-----
Earth Magic    | 4 5 |  5.5
Conjurations   | 2 3 |  3.9
Spellcasting   | 3 |  3.8
Dodging        | |  1.5
Stealth        | |  2.1

Action                     |  1- 3 |  4- 6 || total
---------------------------+-------+-------++-------
  Melee: Dagger            |    21 |     8 ||    29
         Unarmed           |     7 |       ||     7
         Punch             |     1 |       ||     1
   Cast: Sandblast         |    56 |    33 ||    89
    Use: Scroll            |     3 |     2 ||     5
 Armour: Robe              |    29 |    29 ||    58
  Dodge: Dodged            |    30 |    33 ||    63

Table legend: (Time is in decaauts)
 A = Elapsed time spent in this place.
 B = Non-inter-level travel time spent in this place.
 C = Inter-level travel time spent in this place.
 D = Time resting spent in this place.
 E = Time spent auto-exploring this place.
 F = Levels seen in this place.
 G = Mean time per level.
                   A        B        C        D        E       F      G
               +--------+--------+--------+--------+--------+-----+--------+
         Total |   2239 |   2215 |     24 |    241 |   1603 |   3 |  746.3 |
       Dungeon |   2239 |   2215 |     24 |    241 |   1603 |   3 |  746.3 |
               +--------+--------+--------+--------+--------+-----+--------+

Top non-repeatable levels by time:
     D:2: 1017 daAuts
     D:1: 785 daAuts
     D:3: 437 daAuts
